Rangers vs Predators
Created - April 27, 2022 at 19:15
Goals
|
| Rangers |
0 |
1 |
0 |
1 |
| Predators |
1 |
3 |
2 |
6 |
|
Shots
|
| Rangers |
14 |
7 |
7 |
28 |
| Predators |
10 |
8 |
13 |
31 |
|
1st period
1. Predators , Scott Laughton 4 (Chris Higgins 8) at 11:04
Penalties :
T.J Galiardi (NyR) for Cross-checking (Minor) at 0:57, Brett Ponich (NyR) for Hooking (Minor) at 12:33, Chris Bourque (NyR) for Holding (Minor) at 19:09
2nd period
2. Predators , Alexander Edler 11 (Andy Miele 41) at 0:04 (PP)
3. Predators , Andy Miele 25 (Mikael Granlund 49, Justin Faulk 18) at 13:40
4. Predators , Ryan Kesler 10 (Brendan Gallagher 12, Alexander Edler 38) at 14:15
5. Rangers , Milan Lucic 44 (Sean Couturier 56) at 14:21
Penalties :
Brendan Gallagher (Nas) for Tripping (Minor) at 2:17, Milan Lucic (NyR) for Holding (Minor) at 9:00, Brad Boyes (Nas) for Holding (Minor) at 15:14, Ryan Mcdonagh (Nas) for Hooking (Minor) at 17:16, Mikael Granlund (Nas) for Interference (Minor) at 17:45
3rd period
6. Predators , Andy Miele 26 (Mikael Granlund 50, Nate Schmidt 11) at 13:54
7. Predators , Brendan Gallagher 10 (Jaden Schwartz 19, Ryan Mcdonagh 38) at 14:44
Penalties :
Milan Lucic (NyR) for Holding (Minor) at 0:43, Ryan Kesler (Nas) for Tripping (Minor) at 6:40, Justin Abdelkader (Nas) for Hooking (Minor) at 10:34, Andy Miele (Nas) for Boarding (Minor) at 15:07, T.J Galiardi (NyR) for Slashing (Minor) at 19:45
Goalie Stats
Frederik Andersen (NyR), 12 saves from 16 shots - (0.750), L, 20-20-2, 34:15 minutes
Samuel Montembeault (NyR), 13 saves from 15 shots - (0.867), 25:45 minutes
Jaroslav Halak (Nas), 27 saves from 28 shots - (0.964), W, 13-10-0, 60:00 minutes
Players Stats for Rangers
Player Name G A P +/- PIM S H SB GA TA FO MP PP MP PK MP
------------------------------------------------------------------------------------
Artem Anisimov 0 0 0 -2 0 4 0 0 2 0 3/5 8:33 0:00 2:13
Brett Ponich 0 0 0 -2 2 1 0 0 0 0 0/0 20:34 5:28 2:58
Chris Bourque 0 0 0 -2 2 2 4 0 0 0 0/0 16:28 4:51 2:08
Derrick Pouliot 0 0 0 0 0 0 1 0 0 0 0/0 8:36 0:00 0:43
Devante Smith-Pelly 0 0 0 0 0 1 4 0 0 0 0/0 8:30 0:00 0:00
Dmitry Kulikov 0 0 0 -2 0 2 2 3 1 2 0/0 30:19 6:55 5:15
Magnus Paajarvi 0 0 0 -2 0 0 0 0 1 0 0/0 6:27 0:00 0:07
Matt Delahey 0 0 0 -2 0 3 2 1 0 1 0/0 21:48 5:28 3:50
Milan Lucic 1 0 1 0 4 6 4 0 2 1 4/10 24:06 7:32 2:32
Morgan Ellis 0 0 0 0 0 0 1 3 0 0 0/0 8:31 0:00 0:09
Patrice Bergeron 0 0 0 -2 0 2 0 0 0 0 2/13 17:42 4:51 2:21
Patrik Nemeth 0 0 0 -2 0 2 2 1 2 4 0/0 30:19 6:55 5:15
Richard Panik 0 0 0 -2 0 0 1 0 0 0 0/0 6:20 0:00 0:00
Ryan Strome 0 0 0 0 0 1 3 0 1 0 2/2 20:40 7:32 0:00
Sean Couturier 0 1 1 0 0 3 1 2 1 0 16/28 25:20 7:32 4:36
Steve Quailer 0 0 0 -2 0 1 0 0 0 0 0/0 14:21 4:51 0:00
T.J Galiardi 0 0 0 0 4 0 0 0 0 0 2/3 10:31 0:00 1:59
Tomas Hertl 0 0 0 0 0 0 2 0 0 0 4/6 11:44 0:00 2:14
Players Stats for Predators
Player Name G A P +/- PIM S H SB GA TA FO MP PP MP PK MP
------------------------------------------------------------------------------------
Alexander Edler 1 1 2 0 0 1 2 1 0 0 0/0 29:38 5:38 7:49
Alexander Ovechkin 0 0 0 1 0 1 0 3 0 2 3/11 23:18 4:54 6:35
Andy Miele 2 1 3 1 2 2 4 0 0 0 16/30 18:22 4:54 1:03
Brad Boyes 0 0 0 0 2 0 0 0 1 0 0/0 7:48 0:05 0:00
Brendan Gallagher 1 1 2 2 2 2 0 0 1 2 0/3 17:13 4:06 2:20
Chris Higgins 0 1 1 1 0 2 0 0 0 0 1/1 8:03 0:00 1:03
Denis Grebeshkov 0 0 0 1 0 3 0 1 0 0 0/0 18:52 3:27 4:44
Jack Eichel 0 0 0 0 0 2 3 0 0 1 0/3 12:17 0:00 2:43
Jaden Schwartz 0 1 1 2 0 3 3 0 1 1 1/1 17:50 4:06 2:56
John Moore 0 0 0 1 0 0 0 0 1 0 0/0 18:42 3:27 4:34
Justin Abdelkader 0 0 0 0 2 2 0 1 0 1 1/1 7:52 0:05 0:00
Justin Faulk 0 1 1 3 0 1 0 0 1 1 0/0 11:40 0:00 0:00
Mark Pysyk 0 0 0 1 0 1 0 0 0 0 0/0 6:53 0:00 0:00
Mikael Granlund 0 2 2 1 2 4 3 0 1 1 1/3 23:51 4:59 6:35
Nate Schmidt 0 1 1 3 0 0 0 0 0 1 0/0 13:00 0:00 1:20
Ryan Kesler 1 0 1 2 2 4 1 0 0 0 7/9 15:41 4:06 0:00
Ryan Mcdonagh 0 1 1 0 2 0 3 2 1 0 0/0 28:07 5:38 6:19
Scott Laughton 1 0 1 1 0 3 0 0 1 0 4/5 6:53 0:00 0:00
3 Stars
1 - Andy Miele (Nas)
2 - Jaroslav Halak (Nas)
3 - Alexander Edler (Nas)
Power Play
Rangers - 0 on 7 Attempt(s) - 0.00%
Predators - 1 on 6 Attempt(s) - 16.67%
Penalty Kill
Rangers - 5 on 6 Attempt(s) - 83.33%
- Score 0 goal in Penalty Kill
Predators - 7 on 7 Attempt(s) - 100.00%
- Score 0 goal in Penalty Kill
Team Stat
Rangers - Hits : 27 - Faceoff Wins : 33 - Blocked Shots : 10 - Penalty Minutes : 12
Predators - Hits : 19 - Faceoff Wins : 34 - Blocked Shots : 8 - Penalty Minutes : 14
Official
Referees : Brian Pochmara and TJ Luxmore
Linesman : Travis Gawryletz and Shandor Alphonso
Game Notes
Samuel Montembeault enters game at 14:15 of 2nd period
Finance
Level 1 -- Attendance: 5941 (99.02%) -- Ticket Income $594,100
Level 2 -- Attendance: 5000 (100.00%) -- Ticket Income $300,000
Level 3 -- Attendance: 2000 (100.00%) -- Ticket Income $70,000
Level 4 -- Attendance: 3994 (99.85%) -- Ticket Income $99,850
Luxury Box -- Attendance: 1000 (100.00%) -- Ticket Income $200,000
Game was played at the Bridgestone arena.
Total Attendance: 17935 (99.64%)
Total Ticket Income: $1,263,950
Other Income: $189,592
Total Income: $1,453,542
Rangers
5 vs 5 Forward
Center Left Wing Right Wing Time % Phy DF OF
1 Sean Couturier Milan Lucic Ryan Strome 40 1 2 2
2 Patrice Bergeron Chris Bourque Steve Quailer 30 1 2 2
3 Tomas Hertl T.J Galiardi Devante Smith-Pelly 20 1 2 2
4 Artem Anisimov Magnus Paajarvi Richard Panik 10 1 2 2
5 vs 5 Defense
Defense Defense Time % Phy DF OF
1 Dmitry Kulikov Patrik Nemeth 40 1 2 2
2 Matt Delahey Brett Ponich 30 1 2 2
3 Morgan Ellis Derrick Pouliot 20 1 2 2
4 Dmitry Kulikov Patrik Nemeth 10 1 2 2
PowerPlay Forward
Center Left Wing Right Wing Time % Phy DF OF
1 Sean Couturier Milan Lucic Ryan Strome 60 1 2 2
2 Patrice Bergeron Chris Bourque Steve Quailer 40 1 2 2
PowerPlay Defense
Defense Defense Time % Phy DF OF
1 Dmitry Kulikov Patrik Nemeth 60 1 2 2
2 Matt Delahey Brett Ponich 40 1 2 2
Penalty Kill 4 Players Forward
Center Wing Time % Phy DF OF
1 Milan Lucic Sean Couturier 60 1 2 2
2 Patrice Bergeron Tomas Hertl 40 1 2 2
Penalty Kill 4 Players Defense
Defense Defense Time % Phy DF OF
1 Dmitry Kulikov Patrik Nemeth 60 1 2 2
2 Matt Delahey Brett Ponich 40 1 2 2
Penalty Kill - 3 Players Forward
Forward Time % Phy DF OF
1 Milan Lucic 60 1 2 2
2 Sean Couturier 40 1 2 2
Penalty Kill - 3 Players Defense
Defense Defense Time % Phy DF OF
1 Dmitry Kulikov Patrik Nemeth 60 1 2 2
2 Matt Delahey Brett Ponich 40 1 2 2
4 vs 4 Forward
Center Wing Time % Phy DF OF
1 Milan Lucic Sean Couturier 60 1 2 2
2 Patrice Bergeron Tomas Hertl 40 1 2 2
4 vs 4 Defense
Defense Defense Time % Phy DF OF
1 Dmitry Kulikov Patrik Nemeth 60 1 2 2
2 Matt Delahey Brett Ponich 40 1 2 2
Last Minutes Offensive
Center Left Wing Right Wing Defense Defense
Sean Couturier Milan Lucic Ryan Strome Dmitry Kulikov Patrik Nemeth
Last Minutes Defensive
Center Left Wing Right Wing Defense Defense
Sean Couturier Milan Lucic Ryan Strome Dmitry Kulikov Patrik Nemeth
Goaltenders
Starting : Frederik Andersen
Backup : Samuel Montembeault
Extra Forwards
Normal : Devante Smith-Pelly, Richard Panik, T.J Galiardi - PP : Devante Smith-Pelly, Richard Panik - PK : T.J Galiardi
Extra Defensemen
Normal : Morgan Ellis, Derrick Pouliot, Matt Delahey - PP : Morgan Ellis - PK : Derrick Pouliot, Matt Delahey
Penalty Shots
Milan Lucic, Sean Couturier, Patrice Bergeron, Tomas Hertl, Ryan Strome
Scratches
Jonas Brodin (Bruised Left Leg Injury), Luke Schenn (Sports Hernia Injury), Vince Dunn (Left Hip Injury)
Predators
5 vs 5 Forward
Center Left Wing Right Wing Time % Phy DF OF
1 Andy Miele Alexander Ovechkin Mikael Granlund 40 1 2 2
2 Ryan Kesler Jaden Schwartz Brendan Gallagher 30 1 2 2
3 Jack Eichel Justin Abdelkader Brad Boyes 20 1 2 2
4 Scott Laughton Chris Higgins Mark Pysyk 10 1 2 2
5 vs 5 Defense
Defense Defense Time % Phy DF OF
1 Ryan Mcdonagh Alexander Edler 40 1 2 2
2 John Moore Denis Grebeshkov 30 1 2 2
3 Justin Faulk Nate Schmidt 20 1 2 2
4 Ryan Mcdonagh Alexander Edler 10 1 2 2
PowerPlay Forward
Center Left Wing Right Wing Time % Phy DF OF
1 Andy Miele Alexander Ovechkin Mikael Granlund 60 1 2 2
2 Ryan Kesler Jaden Schwartz Brendan Gallagher 40 1 2 2
PowerPlay Defense
Defense Defense Time % Phy DF OF
1 Ryan Mcdonagh Alexander Edler 60 1 2 2
2 John Moore Denis Grebeshkov 40 1 2 2
Penalty Kill 4 Players Forward
Center Wing Time % Phy DF OF
1 Alexander Ovechkin Mikael Granlund 60 1 2 2
2 Brendan Gallagher Jaden Schwartz 40 1 2 2
Penalty Kill 4 Players Defense
Defense Defense Time % Phy DF OF
1 Ryan Mcdonagh Alexander Edler 60 1 2 2
2 John Moore Denis Grebeshkov 40 1 2 2
Penalty Kill - 3 Players Forward
Forward Time % Phy DF OF
1 Alexander Ovechkin 60 1 2 2
2 Mikael Granlund 40 1 2 2
Penalty Kill - 3 Players Defense
Defense Defense Time % Phy DF OF
1 Ryan Mcdonagh Alexander Edler 60 1 2 2
2 John Moore Denis Grebeshkov 40 1 2 2
4 vs 4 Forward
Center Wing Time % Phy DF OF
1 Alexander Ovechkin Mikael Granlund 60 1 2 2
2 Brendan Gallagher Jaden Schwartz 40 1 2 2
4 vs 4 Defense
Defense Defense Time % Phy DF OF
1 Ryan Mcdonagh Alexander Edler 60 1 2 2
2 John Moore Denis Grebeshkov 40 1 2 2
Last Minutes Offensive
Center Left Wing Right Wing Defense Defense
Andy Miele Alexander Ovechkin Mikael Granlund Ryan Mcdonagh Alexander Edler
Last Minutes Defensive
Center Left Wing Right Wing Defense Defense
Andy Miele Alexander Ovechkin Mikael Granlund Ryan Mcdonagh Alexander Edler
Goaltenders
Starting : Jaroslav Halak
Backup : Kari Lehtonen
Extra Forwards
Normal : Brad Boyes, Justin Abdelkader, Jack Eichel - PP : Brad Boyes, Justin Abdelkader - PK : Jack Eichel
Extra Defensemen
Normal : Justin Faulk, Nate Schmidt, John Moore - PP : Justin Faulk - PK : Nate Schmidt, John Moore
Penalty Shots
Alexander Ovechkin, Mikael Granlund, Brendan Gallagher, Jaden Schwartz, Brad Boyes
Scratches
Mike Brown (Healthy)
% Time on Ice - Rangers
Lines # - Real PCT - Wanted PCT - Time Play
Normal Forward
1 - 34% - 40% - 13:12
2 - 27% - 30% - 10:30
3 - 22% - 20% - 8:30
4 - 16% - 10% - 6:20
Normal Defense
1 - 45% - 40% - 17:22
2 - 32% - 30% - 12:30
3 - 20% - 20% - 7:53
4 - 2% - 10% - 0:47
PP Forward
1 - 61% - 60% - 7:32
2 - 39% - 40% - 4:51
PP Defense
1 - 56% - 60% - 6:55
2 - 44% - 40% - 5:28
PK Forward
1 - 75% - 60% - 6:51
2 - 25% - 40% - 2:14
PK Defense
1 - 58% - 60% - 5:15
2 - 42% - 40% - 3:50
PK3 Forward
1 - 0% - 60%
2 - 0% - 40%
PK3 Defense
1 - 0% - 60%
2 - 0% - 40%
44 Forward
1 - 0% - 60%
2 - 0% - 40%
44 Defense
1 - 0% - 60%
2 - 0% - 40%
Last Minute Offensive - 0:00
Last Minute Defensive - 0:00
Total
Forward - 60:00
Defense - 60:00
|
% Time on Ice - Predators
Lines # - Real PCT - Wanted PCT - Time Play
Normal Forward
1 - 34% - 40% - 13:15
2 - 28% - 30% - 10:48
3 - 20% - 20% - 7:36
4 - 18% - 10% - 6:53
Normal Defense
1 - 40% - 40% - 15:35
2 - 28% - 30% - 10:41
3 - 30% - 20% - 11:40
4 - 2% - 10% - 0:36
PP Forward
1 - 55% - 60% - 4:59
2 - 45% - 40% - 4:06
PP Defense
1 - 62% - 60% - 5:38
2 - 38% - 40% - 3:27
PK Forward
1 - 73% - 60% - 7:57
2 - 27% - 40% - 2:56
PK Defense
1 - 64% - 60% - 6:55
2 - 36% - 40% - 3:58
PK3 Forward
1 - 59% - 60% - 0:53
2 - 41% - 40% - 0:37
PK3 Defense
1 - 60% - 60% - 0:54
2 - 40% - 40% - 0:36
44 Forward
1 - 0% - 60%
2 - 0% - 40%
44 Defense
1 - 0% - 60%
2 - 0% - 40%
Last Minute Offensive - 0:00
Last Minute Defensive - 0:00
Total
Forward - 60:00
Defense - 60:00
|
Play-by-Play
1st period
0:01 of 1st period - Andy Miele wins face-off versus Milan Lucic in neutral zone.
0:12 of 1st period - Wrist shot by Alexander Ovechkin.
0:12 of 1st period - Shot Blocked by Dmitry Kulikov.
0:14 of 1st period - Slapshot by Ryan Mcdonagh.
0:14 of 1st period - Shot Misses the Net.
0:26 of 1st period - Snap shot by Jaden Schwartz.
0:26 of 1st period - Deflect By Patrik Nemeth.
0:26 of 1st period - Shot Misses the Net.
0:26 of 1st period - Puck is out of play.
0:27 of 1st period - Ryan Kesler wins face-off versus Patrice Bergeron in Rangers zone.
0:32 of 1st period - Wrist shot by Brendan Gallagher.
0:32 of 1st period - Shot Blocked by Matt Delahey.
0:57 of 1st period - Minor Penalty to T.J Galiardi for Cross-checking.
0:58 of 1st period - Andy Miele wins face-off versus Milan Lucic in Rangers zone.
1:24 of 1st period - Dmitry Kulikov is hit by Jaden Schwartz and loses puck.
2:37 of 1st period - Mikael Granlund is hit by Matt Delahey and loses puck.
2:42 of 1st period - Snap shot by Artem Anisimov.
2:42 of 1st period - Stopped by Jaroslav Halak with a rebound.
2:44 of 1st period - Slapshot by Matt Delahey.
2:44 of 1st period - Shot Misses the Net.
2:57 of 1st period - Penalty to T.J Galiardi is over, T.J Galiardi is back on ice.
3:03 of 1st period - Off-side.
3:04 of 1st period - Artem Anisimov wins face-off versus Jack Eichel in neutral zone.
3:37 of 1st period - Snap shot by Brendan Gallagher.
3:37 of 1st period - Deflect By Jaden Schwartz.
3:37 of 1st period - Stopped by Frederik Andersen with a rebound.
3:51 of 1st period - Slapshot by Devante Smith-Pelly.
3:51 of 1st period - Stopped by Jaroslav Halak with a rebound.
3:53 of 1st period - Slapshot by Patrik Nemeth.
3:53 of 1st period - Stopped by Jaroslav Halak with a rebound.
4:14 of 1st period - Slapshot by Dmitry Kulikov.
4:14 of 1st period - Stopped by Jaroslav Halak without a rebound.
4:15 of 1st period - Justin Abdelkader wins face-off versus Sean Couturier in Predators zone.
4:38 of 1st period - Wrist shot by Jack Eichel.
4:38 of 1st period - Stopped by Frederik Andersen without a rebound.
4:39 of 1st period - Andy Miele wins face-off versus Patrice Bergeron in Rangers zone.
4:40 of 1st period - Snap shot by Mikael Granlund.
4:40 of 1st period - Stopped by Frederik Andersen without a rebound.
4:41 of 1st period - Andy Miele wins face-off versus Patrice Bergeron in Rangers zone.
4:56 of 1st period - Wrist shot by Patrice Bergeron.
4:56 of 1st period - Stopped by Jaroslav Halak without a rebound.
4:57 of 1st period - Sean Couturier wins face-off versus Andy Miele in Predators zone.
5:00 of 1st period - Snap shot by Milan Lucic.
5:00 of 1st period - Stopped by Jaroslav Halak without a rebound.
5:01 of 1st period - Andy Miele wins face-off versus Sean Couturier in Predators zone.
5:34 of 1st period - Snap shot by Patrice Bergeron.
5:34 of 1st period - Shot Misses the Net.
5:36 of 1st period - Snap shot by Patrice Bergeron.
5:36 of 1st period - Shot Blocked by Ryan Mcdonagh.
5:38 of 1st period - Snap shot by Patrice Bergeron.
5:38 of 1st period - Stopped by Jaroslav Halak without a rebound.
5:39 of 1st period - Tomas Hertl wins face-off versus Andy Miele in Predators zone.
5:44 of 1st period - Wrist shot by Devante Smith-Pelly.
5:44 of 1st period - Shot Misses the Net.
6:06 of 1st period - Denis Grebeshkov is hit by Matt Delahey and loses puck.
6:51 of 1st period - Snap shot by Magnus Paajarvi.
6:51 of 1st period - Shot Misses the Net.
7:25 of 1st period - Wrist shot by Justin Abdelkader.
7:25 of 1st period - Stopped by Frederik Andersen with a rebound.
7:38 of 1st period - Slapshot by Justin Abdelkader.
7:38 of 1st period - Stopped by Frederik Andersen without a rebound.
7:39 of 1st period - Andy Miele wins face-off versus Patrice Bergeron in Rangers zone.
7:40 of 1st period - Slapshot by Mikael Granlund.
7:40 of 1st period - Stopped by Frederik Andersen with a rebound.
7:52 of 1st period - Snap shot by Patrice Bergeron.
7:52 of 1st period - Shot Misses the Net.
7:54 of 1st period - Snap shot by Patrice Bergeron.
7:54 of 1st period - Shot Blocked by Alexander Ovechkin.
7:56 of 1st period - Snap shot by Patrice Bergeron.
7:56 of 1st period - Shot Blocked by Alexander Ovechkin.
8:06 of 1st period - Denis Grebeshkov is hit by Patrik Nemeth and loses puck.
8:15 of 1st period - Backhand shot by Artem Anisimov.
8:15 of 1st period - Stopped by Jaroslav Halak with a rebound.
8:31 of 1st period - Slapshot by Ryan Kesler.
8:31 of 1st period - Stopped by Frederik Andersen with a rebound.
8:33 of 1st period - Snap shot by Denis Grebeshkov.
8:33 of 1st period - Stopped by Frederik Andersen with a rebound.
10:07 of 1st period - Patrik Nemeth is hit by Jack Eichel and loses puck.
10:16 of 1st period - Brad Boyes is hit by Tomas Hertl and loses puck.
11:00 of 1st period - Off-side.
11:01 of 1st period - Chris Higgins wins face-off versus Artem Anisimov in neutral zone.
11:04 of 1st period - Slapshot by Scott Laughton.
11:04 of 1st period - Goal by Scott Laughton - Rangers : 0 - Predators : 1.
11:05 of 1st period - Sean Couturier wins face-off versus Andy Miele in neutral zone.
11:15 of 1st period - Wrist shot by Ryan Strome.
11:15 of 1st period - Shot Misses the Net.
11:17 of 1st period - Slapshot by Patrik Nemeth.
11:17 of 1st period - Stopped by Jaroslav Halak without a rebound.
11:18 of 1st period - Milan Lucic wins face-off versus Andy Miele in Predators zone.
11:23 of 1st period - Snap shot by Andy Miele.
11:23 of 1st period - Deflect By Mikael Granlund.
11:23 of 1st period - Shot Misses the Net.
11:23 of 1st period - Puck is out of play.
11:24 of 1st period - Sean Couturier wins face-off versus Andy Miele in Rangers zone.
11:24 of 1st period - Sean Couturier is hit by Ryan Mcdonagh.
11:31 of 1st period - Dmitry Kulikov is hit by Mikael Granlund and loses puck.
12:09 of 1st period - Alexander Edler is hit by Devante Smith-Pelly and loses puck.
12:14 of 1st period - Wrist shot by Tomas Hertl.
12:14 of 1st period - Shot Misses the Net.
12:16 of 1st period - Slapshot by Matt Delahey.
12:16 of 1st period - Shot Blocked by Ryan Mcdonagh.
12:18 of 1st period - Snap shot by Matt Delahey.
12:18 of 1st period - Stopped by Jaroslav Halak with a rebound.
12:33 of 1st period - Minor Penalty to Brett Ponich for Hooking.
12:34 of 1st period - Andy Miele wins face-off versus Milan Lucic in Rangers zone.
14:33 of 1st period - Penalty to Brett Ponich is over, Brett Ponich is back on ice.
14:33 of 1st period - Patrice Bergeron is hit by Mikael Granlund and loses puck.
14:58 of 1st period - Slapshot by Magnus Paajarvi.
14:58 of 1st period - Shot Misses the Net.
15:08 of 1st period - Mark Pysyk is hit by Devante Smith-Pelly.
15:12 of 1st period - Nate Schmidt is hit by Dmitry Kulikov.
15:16 of 1st period - Tomas Hertl is hit by Ryan Mcdonagh and loses puck.
15:35 of 1st period - Off-side.
15:36 of 1st period - Ryan Kesler wins face-off versus Sean Couturier in neutral zone.
15:47 of 1st period - Alexander Edler is hit by Milan Lucic and loses puck.
16:04 of 1st period - Icing by Jaden Schwartz.
16:05 of 1st period - Artem Anisimov wins face-off versus Brendan Gallagher in Predators zone.
16:12 of 1st period - Snap shot by Artem Anisimov.
16:12 of 1st period - Stopped by Jaroslav Halak with a rebound.
16:52 of 1st period - Snap shot by Brendan Gallagher.
16:52 of 1st period - Deflect By Jaden Schwartz.
16:52 of 1st period - Deflect By Dmitry Kulikov.
16:52 of 1st period - Shot Blocked by Dmitry Kulikov.
16:52 of 1st period - Puck is out of play.
16:53 of 1st period - Sean Couturier wins face-off versus Andy Miele in Rangers zone.
17:03 of 1st period - Matt Delahey is hit by Andy Miele.
17:59 of 1st period - Andy Miele is hit by Ryan Strome and loses puck.
18:06 of 1st period - Wrist shot by Milan Lucic.
18:06 of 1st period - Stopped by Jaroslav Halak without a rebound.
18:07 of 1st period - Milan Lucic wins face-off versus Jack Eichel in Predators zone.
18:10 of 1st period - Wrist shot by Milan Lucic.
18:10 of 1st period - Shot Blocked by Justin Abdelkader.
18:24 of 1st period - Snap shot by Justin Abdelkader.
18:24 of 1st period - Shot Blocked by Sean Couturier.
18:53 of 1st period - Wrist shot by Sean Couturier.
18:53 of 1st period - Shot Blocked by Alexander Edler.
18:55 of 1st period - Wrist shot by Sean Couturier.
18:55 of 1st period - Stopped by Jaroslav Halak with a rebound.
18:57 of 1st period - Snap shot by Milan Lucic.
18:57 of 1st period - Stopped by Jaroslav Halak without a rebound.
18:58 of 1st period - Andy Miele wins face-off versus Patrice Bergeron in Predators zone.
19:07 of 1st period - Snap shot by Alexander Ovechkin.
19:07 of 1st period - Shot Misses the Net.
19:09 of 1st period - Minor Penalty to Chris Bourque for Holding.
19:10 of 1st period - Milan Lucic wins face-off versus Andy Miele in Rangers zone.
19:40 of 1st period - Off-side.
19:41 of 1st period - Patrice Bergeron wins face-off versus Andy Miele in neutral zone.
19:52 of 1st period - Slapshot by Denis Grebeshkov.
19:52 of 1st period - Shot Misses the Net.
19:54 of 1st period - Slapshot by Andy Miele.
19:54 of 1st period - Shot Misses the Net.
19:56 of 1st period - Wrist shot by Denis Grebeshkov.
19:56 of 1st period - Stopped by Frederik Andersen without a rebound.
19:57 of 1st period - Andy Miele wins face-off versus Milan Lucic in Rangers zone.
Goals for this period are 0 for Rangers vs 1 for Predators.
Shots for this period are 14 for Rangers vs 10 for Predators.
2nd period
0:01 of 2nd period - Andy Miele wins face-off versus Milan Lucic in neutral zone.
0:04 of 2nd period - Wrist shot by Alexander Edler.
0:04 of 2nd period - Goal by Alexander Edler - Rangers : 0 - Predators : 2.
0:05 of 2nd period - Andy Miele wins face-off versus Sean Couturier in neutral zone.
0:09 of 2nd period - Off-side.
0:10 of 2nd period - Andy Miele wins face-off versus Sean Couturier in neutral zone.
0:13 of 2nd period - Dmitry Kulikov is hit by Mikael Granlund and loses puck.
0:20 of 2nd period - Slapshot by Patrik Nemeth.
0:20 of 2nd period - Shot Blocked by Alexander Ovechkin.
0:22 of 2nd period - Snap shot by Sean Couturier.
0:22 of 2nd period - Stopped by Jaroslav Halak without a rebound.
0:23 of 2nd period - Andy Miele wins face-off versus Sean Couturier in Predators zone.
1:09 of 2nd period - Slapshot by Jaden Schwartz.
1:09 of 2nd period - Stopped by Frederik Andersen without a rebound.
1:10 of 2nd period - Tomas Hertl wins face-off versus Jack Eichel in Rangers zone.
1:10 of 2nd period - Tomas Hertl is hit by Jack Eichel.
1:18 of 2nd period - Brad Boyes is hit by Devante Smith-Pelly and loses puck.
1:25 of 2nd period - Snap shot by Devante Smith-Pelly.
1:25 of 2nd period - Shot Misses the Net.
2:04 of 2nd period - Nate Schmidt is hit by Chris Bourque and loses puck.
2:17 of 2nd period - Minor Penalty to Brendan Gallagher for Tripping.
2:18 of 2nd period - Ryan Strome wins face-off versus Mikael Granlund in Predators zone.
4:17 of 2nd period - Penalty to Brendan Gallagher is over, Brendan Gallagher is back on ice.
5:08 of 2nd period - Slapshot by Ryan Kesler.
5:08 of 2nd period - Shot Blocked by Morgan Ellis.
5:17 of 2nd period - Icing by Jaden Schwartz.
5:18 of 2nd period - Scott Laughton wins face-off versus Sean Couturier in Predators zone.
5:21 of 2nd period - Slapshot by Sean Couturier.
5:21 of 2nd period - Stopped by Jaroslav Halak without a rebound.
5:22 of 2nd period - Sean Couturier wins face-off versus Scott Laughton in Predators zone.
6:32 of 2nd period - Wrist shot by Ryan Mcdonagh.
6:32 of 2nd period - Shot Blocked by Morgan Ellis.
6:34 of 2nd period - Slapshot by Ryan Mcdonagh.
6:34 of 2nd period - Shot Blocked by Morgan Ellis.
6:36 of 2nd period - Snap shot by Jaden Schwartz.
6:36 of 2nd period - Stopped by Frederik Andersen without a rebound.
6:37 of 2nd period - Sean Couturier wins face-off versus Ryan Kesler in Rangers zone.
7:13 of 2nd period - Snap shot by Justin Faulk.
7:13 of 2nd period - Deflect By Dmitry Kulikov.
7:13 of 2nd period - Stopped by Frederik Andersen without a rebound.
7:14 of 2nd period - Sean Couturier wins face-off versus Andy Miele in Rangers zone.
8:02 of 2nd period - Mark Pysyk is hit by Devante Smith-Pelly and loses puck.
8:41 of 2nd period - Alexander Ovechkin is hit by Milan Lucic and loses puck.
9:00 of 2nd period - Minor Penalty to Milan Lucic for Holding.
9:01 of 2nd period - T.J Galiardi wins face-off versus Mikael Granlund in Rangers zone.
10:14 of 2nd period - Matt Delahey is hit by Andy Miele and loses puck.
11:00 of 2nd period - Penalty to Milan Lucic is over, Milan Lucic is back on ice.
11:40 of 2nd period - Slapshot by Brett Ponich.
11:40 of 2nd period - Shot Blocked by Denis Grebeshkov.
11:42 of 2nd period - Snap shot by Patrice Bergeron.
11:42 of 2nd period - Shot Misses the Net.
11:44 of 2nd period - Snap shot by Matt Delahey.
11:44 of 2nd period - Deflect By Denis Grebeshkov.
11:44 of 2nd period - Stopped by Jaroslav Halak without a rebound.
11:45 of 2nd period - Scott Laughton wins face-off versus Artem Anisimov in Predators zone.
12:10 of 2nd period - John Moore is hit by Derrick Pouliot and loses puck.
12:42 of 2nd period - Icing by Dmitry Kulikov.
12:43 of 2nd period - Tomas Hertl wins face-off versus Brendan Gallagher in Rangers zone.
13:14 of 2nd period - Slapshot by Alexander Edler.
13:14 of 2nd period - Shot Misses the Net.
13:16 of 2nd period - Slapshot by Ryan Mcdonagh.
13:16 of 2nd period - Shot Misses the Net.
13:40 of 2nd period - Wrist shot by Andy Miele.
13:40 of 2nd period - Goal by Andy Miele - Rangers : 0 - Predators : 3.
13:41 of 2nd period - Sean Couturier wins face-off versus Andy Miele in neutral zone.
14:08 of 2nd period - Matt Delahey is hit by Ryan Kesler and loses puck.
14:15 of 2nd period - Snap shot by Ryan Kesler.
14:15 of 2nd period - Goal by Ryan Kesler - Rangers : 0 - Predators : 4.
14:15 of 2nd period - Samuel Montembeault enters game.
14:16 of 2nd period - Sean Couturier wins face-off versus Andy Miele in neutral zone.
14:21 of 2nd period - Snap shot by Milan Lucic.
14:21 of 2nd period - Goal by Milan Lucic - Rangers : 1 - Predators : 4.
14:22 of 2nd period - Andy Miele wins face-off versus Sean Couturier in neutral zone.
14:31 of 2nd period - Slapshot by Mikael Granlund.
14:31 of 2nd period - Stopped by Samuel Montembeault with a rebound.
14:42 of 2nd period - Alexander Edler is hit by Ryan Strome and loses puck.
15:14 of 2nd period - Minor Penalty to Brad Boyes for Holding.
15:15 of 2nd period - Sean Couturier wins face-off versus Alexander Ovechkin in Predators zone.
15:28 of 2nd period - Off-side.
15:29 of 2nd period - Alexander Ovechkin wins face-off versus Sean Couturier in neutral zone.
15:34 of 2nd period - Patrik Nemeth is hit by Ryan Mcdonagh.
15:58 of 2nd period - Wrist shot by Chris Bourque.
15:58 of 2nd period - Stopped by Jaroslav Halak with a rebound.
16:00 of 2nd period - Snap shot by Steve Quailer.
16:00 of 2nd period - Stopped by Jaroslav Halak with a rebound.
16:02 of 2nd period - Snap shot by Chris Bourque.
16:02 of 2nd period - Stopped by Jaroslav Halak without a rebound.
16:03 of 2nd period - Alexander Ovechkin wins face-off versus Patrice Bergeron in Predators zone.
16:03 of 2nd period - Alexander Ovechkin is hit by Chris Bourque.
17:14 of 2nd period - Penalty to Brad Boyes is over, Brad Boyes is back on ice.
17:16 of 2nd period - Minor Penalty to Ryan Mcdonagh for Hooking.
17:17 of 2nd period - Alexander Ovechkin wins face-off versus Sean Couturier in Predators zone.
17:17 of 2nd period - Alexander Ovechkin is hit by Milan Lucic.
17:28 of 2nd period - Off-side.
17:29 of 2nd period - Sean Couturier wins face-off versus Alexander Ovechkin in neutral zone.
17:38 of 2nd period - Snap shot by Milan Lucic.
17:38 of 2nd period - Shot Misses the Net.
17:40 of 2nd period - Snap shot by Patrik Nemeth.
17:40 of 2nd period - Deflect By Milan Lucic.
17:40 of 2nd period - Shot Misses the Net.
17:40 of 2nd period - Puck is out of play.
17:41 of 2nd period - Sean Couturier wins face-off versus Alexander Ovechkin in Predators zone.
17:45 of 2nd period - Minor Penalty to Mikael Granlund for Interference.
17:46 of 2nd period - Sean Couturier wins face-off versus Alexander Ovechkin in Predators zone.
19:16 of 2nd period - Penalty to Ryan Mcdonagh is over, Ryan Mcdonagh is back on ice.
19:45 of 2nd period - Penalty to Mikael Granlund is over, Mikael Granlund is back on ice.
19:56 of 2nd period - Wrist shot by Denis Grebeshkov.
19:56 of 2nd period - Deflect By Mikael Granlund.
19:56 of 2nd period - Stopped by Samuel Montembeault without a rebound.
19:57 of 2nd period - Artem Anisimov wins face-off versus Brendan Gallagher in Rangers zone.
Goals for this period are 1 for Rangers vs 3 for Predators.
Shots for this period are 7 for Rangers vs 8 for Predators.
3rd period
0:01 of 3rd period - Andy Miele wins face-off versus Sean Couturier in neutral zone.
0:14 of 3rd period - Slapshot by Patrik Nemeth.
0:14 of 3rd period - Shot Misses the Net.
0:16 of 3rd period - Slapshot by Ryan Strome.
0:16 of 3rd period - Stopped by Jaroslav Halak without a rebound.
0:17 of 3rd period - Ryan Kesler wins face-off versus Patrice Bergeron in Predators zone.
0:43 of 3rd period - Minor Penalty to Milan Lucic for Holding.
0:44 of 3rd period - Andy Miele wins face-off versus T.J Galiardi in Rangers zone.
0:45 of 3rd period - Snap shot by Alexander Ovechkin.
0:45 of 3rd period - Stopped by Samuel Montembeault without a rebound.
0:46 of 3rd period - T.J Galiardi wins face-off versus Andy Miele in Rangers zone.
1:42 of 3rd period - Artem Anisimov is hit by Alexander Edler and loses puck.
2:42 of 3rd period - Matt Delahey is hit by Jaden Schwartz and loses puck.
2:43 of 3rd period - Penalty to Milan Lucic is over, Milan Lucic is back on ice.
3:02 of 3rd period - Matt Delahey is hit by Alexander Edler and loses puck.
3:34 of 3rd period - Morgan Ellis is hit by Jack Eichel and loses puck.
3:47 of 3rd period - Slapshot by Artem Anisimov.
3:47 of 3rd period - Stopped by Jaroslav Halak with a rebound.
4:01 of 3rd period - Chris Higgins is hit by Chris Bourque and loses puck.
4:17 of 3rd period - Justin Abdelkader is hit by Tomas Hertl.
4:37 of 3rd period - Wrist shot by Milan Lucic.
4:37 of 3rd period - Stopped by Jaroslav Halak with a rebound.
5:09 of 3rd period - Snap shot by Jack Eichel.
5:09 of 3rd period - Shot Blocked by Dmitry Kulikov.
6:40 of 3rd period - Minor Penalty to Ryan Kesler for Tripping.
6:41 of 3rd period - Sean Couturier wins face-off versus Alexander Ovechkin in Predators zone.
6:46 of 3rd period - Wrist shot by Milan Lucic.
6:46 of 3rd period - Stopped by Jaroslav Halak without a rebound.
6:47 of 3rd period - Ryan Strome wins face-off versus Alexander Ovechkin in Predators zone.
7:18 of 3rd period - Wrist shot by Patrice Bergeron.
7:18 of 3rd period - Shot Misses the Net.
7:20 of 3rd period - Wrist shot by Chris Bourque.
7:20 of 3rd period - Shot Misses the Net.
7:22 of 3rd period - Slapshot by Matt Delahey.
7:22 of 3rd period - Stopped by Jaroslav Halak without a rebound.
7:23 of 3rd period - Mikael Granlund wins face-off versus Patrice Bergeron in Predators zone.
7:50 of 3rd period - Alexander Ovechkin is hit by Patrik Nemeth and loses puck.
8:40 of 3rd period - Penalty to Ryan Kesler is over, Ryan Kesler is back on ice.
8:55 of 3rd period - Justin Faulk is hit by Richard Panik and loses puck.
9:30 of 3rd period - Wrist shot by Jack Eichel.
9:30 of 3rd period - Stopped by Samuel Montembeault without a rebound.
9:31 of 3rd period - Scott Laughton wins face-off versus Sean Couturier in Rangers zone.
9:38 of 3rd period - Snap shot by Chris Higgins.
9:38 of 3rd period - Stopped by Samuel Montembeault with a rebound.
9:58 of 3rd period - Brendan Gallagher is hit by Chris Bourque and loses puck.
10:25 of 3rd period - T.J Galiardi is hit by Andy Miele and loses puck.
10:34 of 3rd period - Minor Penalty to Justin Abdelkader for Hooking.
10:35 of 3rd period - Sean Couturier wins face-off versus Alexander Ovechkin in Predators zone.
12:34 of 3rd period - Penalty to Justin Abdelkader is over, Justin Abdelkader is back on ice.
12:52 of 3rd period - Wrist shot by T.J Galiardi.
12:52 of 3rd period - Shot Misses the Net.
12:54 of 3rd period - Backhand shot by Dmitry Kulikov.
12:54 of 3rd period - Stopped by Jaroslav Halak without a rebound.
12:55 of 3rd period - Ryan Kesler wins face-off versus Tomas Hertl in Predators zone.
13:41 of 3rd period - Mikael Granlund is hit by Morgan Ellis and loses puck.
13:54 of 3rd period - Wrist shot by Andy Miele.
13:54 of 3rd period - Goal by Andy Miele - Rangers : 1 - Predators : 5.
13:55 of 3rd period - Jaden Schwartz wins face-off versus Milan Lucic in neutral zone.
13:58 of 3rd period - Snap shot by Alexander Edler.
13:58 of 3rd period - Shot Hit the Post.
14:02 of 3rd period - Wrist shot by Jaden Schwartz.
14:02 of 3rd period - Shot Misses the Net.
14:04 of 3rd period - Slapshot by Alexander Edler.
14:04 of 3rd period - Shot Misses the Net.
14:06 of 3rd period - Wrist shot by Ryan Kesler.
14:06 of 3rd period - Stopped by Samuel Montembeault with a rebound.
14:08 of 3rd period - Slapshot by Ryan Mcdonagh.
14:08 of 3rd period - Shot Misses the Net.
14:10 of 3rd period - Wrist shot by Brendan Gallagher.
14:10 of 3rd period - Stopped by Samuel Montembeault without a rebound.
14:11 of 3rd period - Patrice Bergeron wins face-off versus Andy Miele in Rangers zone.
14:44 of 3rd period - Snap shot by Brendan Gallagher.
14:44 of 3rd period - Goal by Brendan Gallagher - Rangers : 1 - Predators : 6.
14:45 of 3rd period - Milan Lucic wins face-off versus Andy Miele in neutral zone.
14:50 of 3rd period - Alexander Edler is hit by Dmitry Kulikov and loses puck.
15:07 of 3rd period - Minor Penalty to Andy Miele for Boarding.
15:08 of 3rd period - Sean Couturier wins face-off versus Alexander Ovechkin in Predators zone.
16:06 of 3rd period - Milan Lucic is hit by Jaden Schwartz and loses puck.
16:17 of 3rd period - John Moore is hit by Sean Couturier and loses puck.
16:36 of 3rd period - Mikael Granlund is hit by Ryan Strome and loses puck.
16:47 of 3rd period - Mikael Granlund is hit by Milan Lucic and loses puck.
17:07 of 3rd period - Penalty to Andy Miele is over, Andy Miele is back on ice.
17:52 of 3rd period - Sean Couturier is hit by Andy Miele.
18:04 of 3rd period - Snap shot by Sean Couturier.
18:04 of 3rd period - Shot Misses the Net.
18:06 of 3rd period - Snap shot by Brett Ponich.
18:06 of 3rd period - Deflect By Jack Eichel.
18:06 of 3rd period - Stopped by Jaroslav Halak with a rebound.
18:12 of 3rd period - Slapshot by Nate Schmidt.
18:12 of 3rd period - Shot Misses the Net.
18:14 of 3rd period - Snap shot by Mikael Granlund.
18:14 of 3rd period - Shot Blocked by Sean Couturier.
18:16 of 3rd period - Wrist shot by Jack Eichel.
18:16 of 3rd period - Shot Misses the Net.
18:18 of 3rd period - Wrist shot by Jack Eichel.
18:18 of 3rd period - Shot Misses the Net.
18:20 of 3rd period - Wrist shot by Andy Miele.
18:20 of 3rd period - Deflect By Mikael Granlund.
18:20 of 3rd period - Shot Misses the Net.
18:20 of 3rd period - Puck is out of play.
18:21 of 3rd period - Ryan Kesler wins face-off versus Patrice Bergeron in Rangers zone.
18:28 of 3rd period - Wrist shot by Jaden Schwartz.
18:28 of 3rd period - Shot Misses the Net.
18:30 of 3rd period - Slapshot by Ryan Kesler.
18:30 of 3rd period - Stopped by Samuel Montembeault with a rebound.
18:32 of 3rd period - Slapshot by Alexander Edler.
18:32 of 3rd period - Shot Misses the Net.
18:50 of 3rd period - Wrist shot by Scott Laughton.
18:50 of 3rd period - Stopped by Samuel Montembeault with a rebound.
18:52 of 3rd period - Backhand shot by Denis Grebeshkov.
18:52 of 3rd period - Deflect By Mark Pysyk.
18:52 of 3rd period - Stopped by Samuel Montembeault with a rebound.
18:54 of 3rd period - Backhand shot by Denis Grebeshkov.
18:54 of 3rd period - Stopped by Samuel Montembeault without a rebound.
18:55 of 3rd period - Ryan Kesler wins face-off versus Patrice Bergeron in Rangers zone.
18:56 of 3rd period - Snap shot by Brendan Gallagher.
18:56 of 3rd period - Shot Blocked by Patrik Nemeth.
19:28 of 3rd period - Snap shot by Scott Laughton.
19:28 of 3rd period - Stopped by Samuel Montembeault without a rebound.
19:29 of 3rd period - Scott Laughton wins face-off versus Tomas Hertl in Rangers zone.
19:30 of 3rd period - Slapshot by Chris Higgins.
19:30 of 3rd period - Stopped by Samuel Montembeault without a rebound.
19:31 of 3rd period - Tomas Hertl wins face-off versus Ryan Kesler in Rangers zone.
19:45 of 3rd period - Minor Penalty to T.J Galiardi for Slashing.
19:46 of 3rd period - Ryan Kesler wins face-off versus Patrice Bergeron in Rangers zone.
Goals for this period are 0 for Rangers vs 2 for Predators.
Shots for this period are 7 for Rangers vs 13 for Predators.